 Dungeon Crawl Stone Soup version 0.25-a0-1133-g93ebf739aa (webtiles) character file.

Game seed: 9552409681448401394, levelgen mode: deterministic

149 Glundar the Firebug (level 5, -3/37 HPs)
             Began as a Gnoll Fire Elementalist on May 22, 2020.
             Slain by Sigmund
             ... wielding a +0 scythe
              (7 damage)
             ... on level 3 of the Dungeon.
             The game lasted 00:10:50 (3257 turns).

Glundar the Firebug (Gnoll Fire Elementalist)       Turns: 3257, Time: 00:10:51

Health: -3/37      AC:  5    Str: 10    XL:     5   Next: 31%
Magic:  4/12       EV: 15    Int: 18    God:
Gold:   118        SH:  0    Dex: 16    Spells: 13/14 levels left

rFire    . . .     SeeInvis .   b - +1 dagger (venom)
rCold    . . .     Gourm    .   (no shield)
rNeg     + . .     Faith    .   k - +0 robe {rN+}
rPois    .         Spirit   .   n - +2 helmet
rElec    .         Reflect  .   (no cloak)
rCorr    .         Harm     .   (no gloves)
MR       .....                  (no boots)
Stlth    +++.......             (no amulet)
HPRegen  0.12/turn              (no ring)
MPRegen  0.13/turn              (no ring)

@: no status effects
A: distributed training, fangs 1, strong nose
a: no special abilities


You were on level 3 of the Dungeon.
You were not hungry.

You visited 1 branch of the dungeon, and saw 3 of its levels.

You collected 118 gold pieces.

Inventory:

Hand Weapons
 a - a +0 hunting sling
 b - a +1 dagger of venom (weapon)
 o - a +0 vampiric dagger
Missiles
 e - 13 sling bullets
 p - 3 poisoned darts (quivered)
Armour
 k - a +0 robe of positive energy (worn)
 l - a +4 scale mail of magic resistance
 n - a +2 helmet (worn)
Scrolls
 f - a scroll of blinking {unknown}
 g - 2 scrolls of fog {unknown}
 h - 5 scrolls of identify {unknown}
 i - 5 scrolls of teleportation {unknown}
 j - a scroll of magic mapping {unknown}
Potions
 d - a potion of curing {unknown}
 m - a potion of cancellation
Comestibles
 c - 4 rations


   Skills:
 + Level 1.4 Fighting
 + Level 1.4 Short Blades
 + Level 1.4 Long Blades
 + Level 1.4 Axes
 + Level 1.4 Maces & Flails
 + Level 1.4 Polearms
 + Level 1.4 Staves
 + Level 1.4 Slings
 + Level 1.4 Bows
 + Level 1.4 Crossbows
 + Level 1.4 Throwing
 + Level 1.4 Armour
 + Level 4.7 Dodging
 + Level 4.4 Stealth
 + Level 1.4 Shields
 + Level 1.4 Unarmed Combat
 + Level 5.2 Spellcasting
 + Level 2.3 Conjurations
 + Level 1.1 Hexes
 + Level 1.1 Charms
 + Level 1.1 Summonings
 + Level 1.1 Necromancy
 + Level 1.1 Translocations
 + Level 1.1 Transmutations
 + Level 5.5 Fire Magic
 + Level 1.1 Ice Magic
 + Level 1.1 Air Magic
 + Level 1.1 Earth Magic
 + Level 1.1 Poison Magic
 + Level 1.6 Invocations
 + Level 1.4 Evocations


You had 13 spell levels left.
You knew the following spells:

 Your Spells              Type           Power        Failure   Level  Hunger
a - Foxfire               Conj/Fire      ###.         2%          1    None

Your spell library contained the following spells:

 Spells                   Type           Power        Failure   Level  Hunger
 Conjure Flame            Conj/Fire      ###.....     8%          3    ##.....
 Inner Flame              Hex/Fire       ###.....     10%         3    ##.....
 Sticky Flame             Conj/Fire      ###.....     26%         4    ####...
 Fireball                 Conj/Fire      ###.......   56%         5    ######.


Dungeon Overview and Level Annotations

Branches:
Dungeon (3/15)

Altars:

Annotations:
D:3 Sigmund


Innate Abilities, Weirdness & Mutations

Your experience applies equally to all skills.
You have very sharp teeth.
Your uncanny sense of smell can sniff out nearby items.


Message History

Casting: Foxfire (safe; 2% risk of failure)
Confirm with . or Enter, or press ? or * to list all spells.
You conjure some foxfire!
Something barely misses you.
The orc priest hits you but does no damage.
You hit something.
The foxfire hits the orc priest.
The orc priest is severely wounded.
The foxfire hits the orc priest.
The orc priest is severely wounded.
Something hits you!
* * * LOW HITPOINT WARNING * * *
The orc priest closely misses you.
You hit something.
The orc priest calls down the wrath of Beogh upon you.
Pain shoots through your body!
* * * LOW HITPOINT WARNING * * *
Unknown command.
It was a potion of cancellation.
You feel magically purged.
Your magical contamination has completely faded away.
Something hits you!
You die...

#.# #.# #.####. .......
#.##.#.########### #####
#.##.............. ....#
#.##.#............ .##.# #
# #{##.#.........#.#
.##(####.#
#.#@##.#.....###.#.#
.........## #o.ยง..##...##
#.#.#
.................##.###.###
#.#.# .##.####.######.###.#
#...# #.#.# ###.#
#.###.#####.# #.#.# .##.#
#......)....# #.#.# ....#
#####....(..# #...#
.#..####.## #.####..# #...#
##........# #.# #..###...#


You could see an orc priest.

Vanquished Creatures
  2 orc wizards
  An adder (D:2)
  An ooze (D:2)
  2 worms (D:2)
  2 dart slugs (D:1)
  3 leopard geckos
  6 orcs
  6 giant cockroaches
  8 goblins
  4 hobgoblins (D:1)
  11 jackals
  3 kobolds
  A quokka (D:2)
  A ball python (D:1)
  2 bats
  3 frilled lizards (D:2)
  3 rats
59 creatures vanquished.

Vanquished Creatures (collateral kills)
  A frilled lizard (D:2)
  A rat (D:2)
2 creatures vanquished.

Vanquished Creatures (others)
  197 foxfires
197 creatures vanquished.

Grand Total: 258 creatures vanquished

Notes
Turn   | Place    | Note
-------+----------+-------------------------------------------
     0 | D:1      | Glundar the Gnoll Fire Elementalist began the quest for the
                  | Orb.
     0 | D:1      | Reached XP level 1. HP: 13/13 MP: 6/6
   291 | D:1      | Reached XP level 2. HP: 19/19 MP: 4/7
   636 | D:1      | Reached XP level 3. HP: 24/25 MP: 5/9
   694 | D:1      | Reached skill level 5 in Spellcasting
  1338 | D:2      | Reached skill level 1 in Invocations
  1351 | D:1      | Reached skill level 1 in Fighting
  1351 | D:1      | Reached skill level 1 in Short Blades
  1351 | D:1      | Reached skill level 1 in Long Blades
  1351 | D:1      | Reached skill level 1 in Axes
  1351 | D:1      | Reached skill level 1 in Maces & Flails
  1351 | D:1      | Reached skill level 1 in Polearms
  1351 | D:1      | Reached skill level 1 in Staves
  1351 | D:1      | Reached skill level 1 in Slings
  1351 | D:1      | Reached skill level 1 in Bows
  1351 | D:1      | Reached skill level 1 in Crossbows
  1351 | D:1      | Reached skill level 1 in Throwing
  1351 | D:1      | Reached skill level 1 in Armour
  1351 | D:1      | Reached skill level 1 in Shields
  1351 | D:1      | Reached skill level 1 in Unarmed Combat
  1351 | D:1      | Reached skill level 1 in Evocations
  1351 | D:1      | Reached XP level 4. HP: 21/32 MP: 0/11
  1950 | D:2      | Reached skill level 1 in Hexes
  1950 | D:2      | Reached skill level 1 in Charms
  1950 | D:2      | Reached skill level 1 in Summonings
  1950 | D:2      | Reached skill level 1 in Necromancy
  1950 | D:2      | Reached skill level 1 in Translocations
  1950 | D:2      | Reached skill level 1 in Transmutations
  1950 | D:2      | Reached skill level 1 in Ice Magic
  1950 | D:2      | Reached skill level 1 in Air Magic
  1950 | D:2      | Reached skill level 1 in Earth Magic
  1950 | D:2      | Reached skill level 1 in Poison Magic
  2738 | D:2      | Reached XP level 5. HP: 37/37 MP: 7/12
  2776 | D:2      | Found a faded altar of an unknown god.
  3236 | D:3      | Noticed Sigmund
  3257 | D:3      | Slain by Sigmund

Illustrated notes

Levels and vault maps discovered:
D:1:      minmay_arrival_hallway, layout_basic
D:2:      layout_basic, chequers_ecumenical_altar_lobes, kennysheep_boxes
D:3:      layout_loops_ring, uniq_sigmund

Skill      XL: |  1  2  3  4 |
---------------+-------------+-----
Conjurations   | 2 |  2.3
Spellcasting   | 5 |  5.2
Invocations    | 1 |  1.6
Fighting       | 1 |  1.4
Short Blades   | 1 |  1.4
Long Blades    | 1 |  1.4
Axes           | 1 |  1.4
Maces & Flails | 1 |  1.4
Polearms       | 1 |  1.4
Staves         | 1 |  1.4
Slings         | 1 |  1.4
Bows           | 1 |  1.4
Crossbows      | 1 |  1.4
Throwing       | 1 |  1.4
Armour         | 1 |  1.4
Shields        | 1 |  1.4
Unarmed Combat | 1 |  1.4
Evocations     | 1 |  1.4
Hexes          | 1 |  1.1
Charms         | 1 |  1.1
Summonings     | 1 |  1.1
Necromancy     | 1 |  1.1
Translocations | 1 |  1.1
Transmutations | 1 |  1.1
Ice Magic      | 1 |  1.1
Air Magic      | 1 |  1.1
Earth Magic    | 1 |  1.1
Poison Magic   | 1 |  1.1
Dodging        | |  4.7
Stealth        | |  4.4
Fire Magic     | |  5.5

Action                   |  1- 3 |  4- 6 || total
-------------------------+-------+-------++-------
Melee: Dagger            |       |     9 ||     9
 Fire: Hunting sling     |     9 |       ||     9
 Cast: Foxfire           |    62 |    88 ||   150
  Use: Potion            |       |     1 ||     1
 Stab: Sleeping          |       |     1 ||     1
  Eat: Chunk             |     1 |     6 ||     7
Armor: Robe              |     2 |     1 ||     3
Dodge: Dodged            |     5 |    16 ||    21

Table legend:
 A = Non-vault XP
 B = Vault XP
 C = Vault XP percentage of total XP
 D = Non-vault monster count
 E = Vault monster count
 F = Vault count percentage of total count
                 A         B        C        D         E       F
            +---------+---------+-------+---------+---------+-------
      Total |     214 |       0 |   0.0 |      61 |       0 |   0.0
            +---------+---------+-------+---------+---------+-------
        D:1 |      93 |       0 |   0.0 |      27 |       0 |   0.0
        D:2 |      73 |       0 |   0.0 |      27 |       0 |   0.0
        D:3 |      48 |       0 |   0.0 |       7 |       0 |   0.0
            +---------+---------+-------+---------+---------+-------
